Map: Orbital Shipyard

Players

llVaNa

  • Race: Protoss Protoss
  • League: Gold

LiquidMaru - Winner!

  • Race: Terran Terran
  • League: Silver

VOD

Have the link to the VOD?

Description

Time

  • Played on: Jan. 25, 2016, 6:39 p.m.
  • Length: 10:51
Show
View Real Time Build Order
Export as new Build Order

llVaNa Protoss 

Build Orders: 1 Gate Expand 

Get SALT Encoding   

  12  0:01  Probe (Chrono Boost)  
  13  0:12  Probe (Chrono Boost)  
  14  0:18  Pylon  
  14  0:22  Probe (Chrono Boost)  
  15  0:36  Probe (Chrono Boost)  
  15  0:37  Gateway  
  16  0:47  Probe (Chrono Boost)  
  17  0:51  Assimilator  
  17  0:57  Probe (Chrono Boost)  
  18  1:08  Probe (Chrono Boost)  
  19  1:25  Nexus  
  19  1:36  Probe (Chrono Boost)  
  19  1:39  Cybernetics Core  
  20  1:46  Pylon  
  20  1:48  Probe (Chrono Boost)  
  22  2:01  Probe (Chrono Boost)  
  22  2:06  Pylon  
  22  2:12  Probe (Chrono Boost)  
  23  2:19  Assimilator  
  25  2:23  Mothership Core (Chrono Boost)  
  25  2:25  Gateway  
  25  2:41  Probe (Chrono Boost)  
  25  2:50  Stalker (Chrono Boost)  
  27  2:51  Probe (Chrono Boost)  
  28  3:02  Probe  
  28  3:04  Probe  
  30  3:17  Probe  
  30  3:18  Probe  
  32  3:24  Stalker (Chrono Boost)  
  36  3:28  Stalker (Chrono Boost)  
  36  3:29  Probe  
  36  3:31  Probe  
  38  3:39  Gateway  
  38  3:42  Robotics Facility  
  38  3:45  Probe  
  38  3:46  Probe  
  40  3:49  Pylon  
  40  3:50  Warp Gate (Chrono Boost)  
  40  3:55  Probe  
  40  3:58  Probe  
  42  4:10  Stalker  
  42  4:12  Stalker  
  42  4:14  Probe x2  
  42  4:15  Pylon  
  48  4:21  Assimilator  
  48  4:24  Probe  
  48  4:26  Assimilator  
  48  4:30  Observer  
  49  4:40  Stalker  
  51  4:49  Probe  
  51  4:51  Probe  
  45  5:07  Probe  
  45  5:08  Probe  
  47  5:17  Gateway  
  47  5:19  Probe, Gateway  
  47  5:20  Probe  
  49  5:22  Pylon  
  42  5:36  Probe  
  42  5:37  Probe  
  42  5:40  Observer  
  45  5:46  Probe  
  45  5:49  Probe  
  47  5:57  Probe  
  47  6:01  Probe  
  47  6:02  Robotics Bay  
  49  6:05  Stalker  
  49  6:06  Stalker  
  49  6:07  Probe  
  54  6:13  Probe  
  54  6:16  Pylon  
  54  6:18  Probe  
  55  6:19  Stalker, Pylon  
  58  6:25  Probe  
  58  6:28  Probe  
  60  6:37  Gateway  
  60  6:38  Probe  
  60  6:39  Probe  
  61  6:42  Pylon  
  61  6:45  Pylon  
  62  6:48  Warp Prism (Chrono Boost)  
  62  6:51  Stalker  
  62  6:53  Stalker  
  68  7:07  Stalker  
  70  7:11  Stalker  
  72  7:15  Pylon  
  72  7:20  Observer (Chrono Boost)  
  73  7:28  Stalker x3  
  79  7:41  Pylon  
  79  7:47  Stalker  
  79  7:48  Stalker  
  79  7:50  Disruptor (Chrono Boost)  
  86  8:02  Stalker  
  86  8:03  Stalker  
  86  8:04  Pylon  
  90  8:09  Stalker  
  92  8:22  Stalker x2  
  96  8:27  Stalker  
  96  8:28  Stalker  
  94  9:01  Stalker x5  
  87  9:36  Stalker  
  87  9:37  Stalker x4  
  89  9:49  Gateway  
  89  9:52  Gateway  
  89  9:54  Gateway  
  68  10:09  Stalker x2  
  68  10:10  Stalker x4  
  67  10:42  Stalker x2  
  53  10:43  Stalker x4  
Show
View Real Time Build Order
Export as new Build Order

LiquidMaru Terran - Winner!

Build Orders:  

Get SALT Encoding   

  12  0:01  SCV  
  13  0:13  SCV  
  14  0:18  Supply Depot  
  14  0:26  Refinery  
  14  0:27  SCV  
  15  0:39  SCV  
  16  0:45  Barracks  
  16  0:51  SCV  
  17  1:03  SCV  
  18  1:13  Supply Depot  
  18  1:16  SCV  
  19  1:28  SCV  
  20  1:47  Reaper  
  20  1:48  Command Center  
  21  1:59  SCV  
  22  2:06  Factory  
  22  2:12  SCV  
  23  2:19  Marine  
  24  2:26  Supply Depot, Refinery  
  24  2:47  Marine  
  25  2:52  Widow Mine  
  25  2:55  Starport  
  25  2:57  Supply Depot  
  27  3:00  Orbital Command  
  27  3:18  Marine  
  27  3:20  Widow Mine  
  27  3:26  SCV  
  30  3:29  Engineering Bay  
  30  3:32  SCV  
  31  3:35  Marine  
  31  3:39  Medivac  
  34  3:42  SCV  
  34  3:45  SCV  
  36  3:53  Factory Tech Lab, Marine  
  37  4:05  SCV  
  37  4:08  Missile Turret  
  37  4:09  Missile Turret  
  38  4:10  Orbital Command  
  38  4:11  Marine  
  39  4:25  SCV  
  39  4:29  Marine  
  39  4:30  Barracks  
  39  5:24  Barracks  
  39  5:25  Barracks Tech Lab  
  39  5:34  SCV x2  
  41  5:37  Barracks Reactor, Barracks  
  41  5:42  Barracks  
  39  5:43  Engineering Bay, Barracks  
  39  5:44  Armory  
  39  5:47  Supply Depot  
  37  6:00  Raven  
  37  6:02  Factory Tech Lab  
  39  6:05  Marauder  
  39  6:07  Combat Shields  
  39  6:11  Supply Depot  
  41  6:13  Terran Infantry Weapons Level 1, Terran Infantry Armor Level 1  
  41  6:20  Barracks Tech Lab  
  41  6:23  Siege Tank  
  41  6:24  Marine x2  
  46  6:26  SCV  
  46  6:30  SCV  
  48  6:41  Refinery  
  48  6:43  Refinery, Marauder  
  48  6:45  Marine x2  
  52  6:47  Barracks Reactor, Concussive Shells  
  52  6:58  SCV x2  
  54  7:03  Marine x2, Marauder  
  58  7:12  Barracks Reactor x2  
  58  7:20  SCV  
  58  7:21  SCV, Starport Reactor  
  60  7:28  Command Center  
  60  7:29  Marauder x2  
  64  7:30  Marine x4  
  68  7:50  Bunker  
  68  7:54  Bunker  
  68  7:57  Marauder x2, Marine x4  
  76  8:01  Medivac  
  78  8:14  Supply Depot  
  78  8:16  Medivac  
  78  8:17  Marine  
  78  8:24  Marine x2  
  78  8:26  Stimpack  
  80  8:31  Supply Depot  
  80  8:32  Supply Depot  
  80  8:40  Marauder  
  82  8:42  Marauder  
  84  9:00  Siege Tank  
  87  9:03  Marine x3, Marauder  
  92  9:17  Marine x4  
  77  9:27  Marauder, Marine x3  
  77  9:28  Marauder  
  81  9:37  Marine x2  
  78  9:44  Bunker  
  78  9:48  Marine x2  
  78  9:49  Marauder  
  82  9:55  Bunker  
  64  10:13  Marine x4  
  68  10:23  Bunker  
  68  10:24  Orbital Command  
  71  10:29  SCV x2  
Tags
 
Add a new tag
Caveats
  • Supply blocks, unpowered buildings, or Contaminate may cause inaccurate times.
  • Supply counts are checked every 10 seconds.